 Dungeon Crawl Stone Soup version 0.20.1-1-g8b1a95d (webtiles) character file.

13057 KrisztiCat the Basher (level 11, -2/111 HPs)
             Began as a Minotaur Berserker on Nov 11, 2017.
             Was a High Priest of Trog.
             Killed from afar by Nessos (25 damage)
             ... with a wand of lightning (?/15)
             ... on level 12 of the Dungeon.
             The game lasted 00:57:53 (8258 turns).

KrisztiCat the Basher (Minotaur Berserker)          Turns: 8258, Time: 00:57:54

Health: -2/111     AC: 18    Str: 30    XL:     11   Next: 70%
Magic:  10/10      EV:  8    Int: 11    God:    Trog [*****.]
Gold:   628        SH: 10    Dex: 10    Spells: 10/10 levels left

rFire    + + .     SeeInvis .   D - +1 mace of Karma {crush, Int+5}
rCold    . . .     Gourm    .   A - +7 buckler of Dogmatism {Str+5}
rNeg     . . .     Faith    .   y - +2 chain mail {rPois}
rPois    +         Spirit   .   F - +1 hat
rElec    .         Reflect  .   m - +2 cloak
rCorr    +         Harm     .   x - +0 pair of gloves
MR       .....     Rnd*Rage +   t - +0 pair of boots
Stlth    ..........             (no amulet)
Regen    0.3/turn               h - ring of protection from fire
MPRegen  0.2/turn               E - ring of resist corrosion

@: lethally poisoned (-2 -> -17), about to teleport, hasted, extremely drained,
very quick
A: retaliatory headbutt, horns 2, berserk 1, clever 1, fire resistance 1, robust
1
a: Berserk, Trog's Hand, Brothers in Arms, Burn Spellbooks, Renounce Religion


You were on level 12 of the Dungeon.
You worshipped Trog.
Trog was extremely pleased with you.
You were not hungry.

You visited 2 branches of the dungeon, and saw 14 of its levels.

You collected 694 gold pieces.
You spent 66 gold pieces at shops.

Inventory:

Hand Weapons
 e - a +2 rapier of venom
 w - a +0 war axe of electrocution
 B - a +0 flail of crushing
 D - the +1 mace of Karma (weapon) {crush, Int+5}
   (You found it on level 8 of the Dungeon)

   It inflicts extra damage upon your enemies.
   It affects your intelligence (+5).
 G - a +3 dire flail
Armour
 i - a +2 hat
 m - a +2 cloak (worn)
 n - a +0 plate armour
 t - a +0 pair of boots (worn)
 x - a +0 pair of gloves (worn)
 y - a +2 chain mail of poison resistance (worn)
 A - the +7 buckler of Dogmatism (worn) {Str+5}
   (You found it on level 11 of the Dungeon)

   It affects your strength (+5).
 F - a +1 hat (worn)
 H - a +0 leather armour of magic resistance
Jewellery
 h - a ring of protection from fire (left hand)
 u - the cursed ring of Jilluogi {*Contam rElec rC++ AC-3}
   (You found it on level 12 of the Dungeon)

   [ring of protection]

   It affects your AC (-3).
   It greatly protects you from cold.
   It insulates you from electricity.
   It causes magical contamination when unequipped.
   It has a curse placed upon it.
 E - a ring of resist corrosion (right hand)
Wands
 d - a wand of random effects (32/48)
Scrolls
 p - a scroll of enchant armour
 q - a scroll of teleportation
 v - a scroll of identify
 z - a scroll of recharging
 C - a scroll of magic mapping
 I - 3 scrolls of summoning
 J - a scroll of remove curse
Potions
 a - a potion of might
 j - 4 potions of cancellation
 k - a potion of magic
 l - 3 potions of agility
 r - 7 potions of curing
Comestibles
 b - 10 fruits
 c - 9 bread rations
 f - 3 meat rations
 s - 8 chunks of flesh


   Skills:
 + Level 10.5(3.8) Fighting
 + Level 14.3(6.9) Maces & Flails
   Level 5.0(0.0) Polearms
 + Level 11.5(4.5) Armour
 + Level 5.8(0.0) Dodging
 + Level 2.0(0.0) Stealth
 + Level 1.2(0.0) Shields


You had 10 spell levels left.
You didn't know any spells.

Dungeon Overview and Level Annotations

Branches:
Dungeon (13/15)            Temple (1/1) D:5            Lair (0/6) D:9
    Orc (0/2) D:12
 Vaults: D:13-14

Altars:
Ashenzari
Cheibriados
Dithmenos
Elyvilon
Fedhas
Gozag
Hepliaklqana
Kikubaaqudgha
Makhleb
Nemelex Xobeh
Okawaru
Qazlal
Ru
Sif Muna
Trog
Uskayaw
Vehumet
Xom
Yredelemnul
Zin
The Shining One

Shops:
D:6 ?

Annotations:
D:12 Nessos


Innate Abilities, Weirdness & Mutations

You reflexively headbutt those who attack you in melee.
You have a pair of horns on your head.
You tend to lose your temper in combat.
Your mind is acute. (Int +2)
Your flesh is heat resistant. (rF+)
You are robust. (+10% HP)


Message History

* * * LOW HITPOINT WARNING * * *
Nessos blinks!
You feel much better.
You feel sick.
Nessos zaps a wand.
The bolt of lightning hits you!
Nessos shoots an arrow.
You block the arrow.
You feel yourself speed up.
You feel sick.
You feel sick.
Nessos blinks!
Nessos zaps a wand.
The bolt of lightning hits you!
* * * LOW HITPOINT WARNING * * *
You feel much better.
Nessos shoots an arrow.
The arrow hits you!!
* * * LOW HITPOINT WARNING * * *
You are more poisoned.
As you read the scroll of teleportation, it crumbles to dust.
You feel strangely unstable.
You feel sick.
Nessos shoots an arrow.
The arrow hits you but does no damage.
A vampire comes into view.
You feel sick.
Nessos blinks!
You see here 2 arrows.
You hit Nessos but do no damage. You headbutt Nessos, but do no damage.
You feel sick.
Nessos zaps a wand.
The bolt of lightning hits you!
You die...

###...#
##...#
#....#
#....##
#.....##
###....##
###...##
##...###
##@...##
##c...#
##...#
#...#
#...#
#(..#
#...#
...ยง#
..V..#


You could see Nessos.

Vanquished Creatures
  Gastronok (D:9)
  A hydra (D:10)
  4 two-headed ogres
  Sonja (D:12)
  A centaur zombie (D:12)
  A guardian serpent (D:9)
  Psyche (D:9)
  A gargoyle (D:10)
  The ghost of ThereIsNoGod the Ruffian, an amateur TrFi (D:5)
  A troll (D:9)
  Prince Ribbit (D:7)
  A wraith (D:12)
  Sigmund (D:6)
  2 wyverns
  A hungry ghost (D:12)
  2 water moccasins
  Duvessa (D:7)
  2 ice beasts
  6 orc warriors
  5 sky beasts
  2 black bears
  3 phantoms
  An eye of draining (D:9)
  5 ogres
  5 centaurs
  2 big kobolds
  3 bullfrogs
  Dowan (D:7)
  A water moccasin zombie (D:6)
  The ghost of Irenicus the Chopper, a weakling DDMo (D:3)
  A scorpion (D:11)
  2 crimson imps
  A bullfrog zombie (D:9)
  4 quasits
  6 orc priests
  A bullfrog skeleton (D:9)
  5 hounds
  2 jellies
  Crazy Yiuf (D:2)
  Jessica (D:3)
  5 iguanas
  A centaur skeleton (D:6)
  9 orc wizards
  Natasha (twice) (D:1)
  2 worker ants (D:7)
  2 worker ant zombies
  Robin (D:2)
  15 adders
  2 shadow imps
  2 oozes (D:1)
  An adder skeleton (D:5)
  4 worms
  10 leopard geckos
  66 orcs
  6 bats
  5 giant cockroaches
  16 goblins
  9 hobgoblins
  4 jackals
  18 kobolds
  5 ball pythons
  A frilled lizard (D:1)
  A leopard gecko skeleton (D:7)
  2 quokka zombies
  14 rats
286 creatures vanquished.

Notes
Turn   | Place    | Note
-------+----------+-------------------------------------------
     0 | D:1      | KrisztiCat the Minotaur Berserker began the quest for the Orb.
     0 | D:1      | Reached XP level 1. HP: 19/19 MP: 0/0
     2 | D:1      | Noticed a spriggan
     2 | D:1      | Noticed a formicid
     4 | D:1      | Noticed a merfolk
     4 | D:1      | Noticed a ghoul
     6 | D:1      | Noticed a troll
     6 | D:1      | Noticed a demigod
     8 | D:1      | Noticed a demonspawn
     8 | D:1      | Noticed a tengu
    10 | D:1      | Noticed a halfling
    12 | D:1      | Noticed a draconian
    12 | D:1      | Noticed a minotaur
    14 | D:1      | Noticed a centaur
    14 | D:1      | Noticed a dwarf
    16 | D:1      | Noticed a naga
    16 | D:1      | Noticed an ogre
    18 | D:1      | Noticed an elf
    20 | D:1      | Noticed a vine stalker
    20 | D:1      | Noticed a felid
    22 | D:1      | Noticed a gargoyle
    24 | D:1      | Noticed a vampire
    26 | D:1      | Noticed an octopode
    26 | D:1      | Noticed a human
   100 | D:1      | Reached XP level 2. HP: 24/27 MP: 1/1
   108 | D:2      | Noticed Natasha
   114 | D:1      | Killed Natasha
   114 | D:1      | Reached XP level 3. HP: 21/33 MP: 2/2
   140 | D:1      | Noticed Natasha
   152 | D:1      | Killed Natasha
   152 | D:1      | Reached XP level 4. HP: 27/41 MP: 3/3
   292 | D:1      | Reached ** piety under Trog
   336 | D:2      | Noticed Robin
   341 | D:2      | Reached skill level 1 in Maces & Flails
   345 | D:2      | Reached skill level 5 in Polearms
   350 | D:2      | Killed Robin
   350 | D:2      | Reached XP level 5. HP: 46/47 MP: 4/4
   691 | D:2      | Found a runed door.
   695 | D:2      | Noticed Crazy Yiuf
   704 | D:2      | Killed Crazy Yiuf
   704 | D:2      | Reached skill level 2 in Maces & Flails
   754 | D:2      | Noticed a phantom
  1157 | D:3      | Noticed Irenicus's ghost (weakling DDMo)
  1170 | D:3      | Killed Irenicus's ghost
  1170 | D:3      | Reached skill level 3 in Maces & Flails
  1251 | D:3      | Reached *** piety under Trog
  1251 | D:3      | Reached XP level 6. HP: 55/55 MP: 5/5
  1406 | D:3      | Noticed Jessica
  1409 | D:3      | Killed Jessica
  1714 | D:4      | Reached skill level 1 in Stealth
  1720 | D:4      | Reached skill level 5 in Fighting
  1766 | D:4      | Reached skill level 4 in Maces & Flails
  1910 | D:5      | Entered Level 5 of the Dungeon
  2322 | D:4      | Found an iron altar of Okawaru.
  2530 | D:5      | Found a staircase to the Ecumenical Temple.
  2539 | Temple   | Entered the Ecumenical Temple
  2819 | D:5      | Reached skill level 5 in Maces & Flails
  2879 | D:5      | Noticed ThereIsNoGod's ghost (amateur TrFi)
  2879 | D:5      | Reached XP level 7. HP: 52/61 MP: 6/6
  2889 | D:5      | Killed ThereIsNoGod's ghost
  2889 | D:5      | Reached skill level 6 in Maces & Flails
  3336 | D:6      | Reached skill level 7 in Maces & Flails
  3336 | D:6      | Reached skill level 5 in Armour
  3336 | D:6      | Reached XP level 8. HP: 67/69 MP: 7/7
  3381 | D:6      | Found Qadey's Magic Scroll Shoppe.
  3385 | D:6      | Bought a scroll of remove curse for 33 gold pieces
  3385 | D:6      | Bought a scroll of teleportation for 33 gold pieces
  3590 | D:6      | Noticed Sigmund
  3595 | D:6      | Killed Sigmund
  3595 | D:6      | Reached skill level 8 in Maces & Flails
  4092 | D:7      | Reached **** piety under Trog
  4115 | D:7      | Noticed Duvessa
  4115 | D:7      | Noticed Dowan
  4125 | D:7      | Killed Duvessa
  4126 | D:7      | Killed Dowan
  4126 | D:7      | Reached skill level 9 in Maces & Flails
  4235 | D:7      | Noticed Prince Ribbit
  4240 | D:7      | Killed Prince Ribbit
  4240 | D:7      | Reached XP level 9. HP: 79/79 MP: 8/8
  4752 | D:8      | Reached skill level 10 in Maces & Flails
  4851 | D:8      | Found an iron altar of Okawaru.
  4926 | D:9      | Noticed a guardian serpent
  5127 | D:8      | Noticed a moth of wrath
  5130 | D:8      | Found a bloodstained altar of Trog.
  5169 | D:8      | Got a jewelled mace
  5170 | D:8      | Identified the cursed +1 mace of Karma {crush, Int+5} (You found it on level 8 of the Dungeon)
  5310 | D:8      | Reached skill level 5 in Dodging
  5428 | D:9      | Noticed a two-headed ogre
  5436 | D:9      | Killed a two-headed ogre
  5436 | D:9      | Reached skill level 11 in Maces & Flails
  5436 | D:9      | Reached XP level 10. HP: 90/90 MP: 9/9
  5454 | D:9      | Noticed a two-headed ogre
  5476 | D:9      | Killed a two-headed ogre
  5484 | D:9      | Found a staircase to the Lair.
  5549 | D:10     | Entered Level 10 of the Dungeon
  5588 | D:9      | Reached skill level 12 in Maces & Flails
  5680 | D:9      | Killed a guardian serpent
  5990 | D:9      | Noticed Psyche
  5997 | D:9      | Killed Psyche
  6033 | D:9      | Noticed Gastronok
  6056 | D:9      | Killed Gastronok
  6056 | D:9      | Reached skill level 13 in Maces & Flails
  6056 | D:9      | Reached skill level 10 in Armour
  6056 | D:9      | Reached XP level 11. HP: 41/99 MP: 10/10
  6467 | D:10     | Noticed a two-headed ogre
  6474 | D:10     | Killed a two-headed ogre
  6582 | D:10     | Reached ***** piety under Trog
  6823 | D:10     | Reached skill level 10 in Fighting
  6851 | D:10     | Noticed an eight-headed hydra
  6857 | D:10     | Killed an eight-headed hydra
  7253 | D:12     | Noticed Sonja
  7302 | D:11     | Received a gift from Trog
  7338 | D:11     | Noticed a two-headed ogre
  7346 | D:11     | Killed a two-headed ogre
  7479 | D:11     | Reached skill level 14 in Maces & Flails
  7534 | D:11     | Got a smoking buckler
  7764 | D:12     | Gained mutation: Your flesh is heat resistant. (rF+) [potion of mutation]
  7764 | D:12     | Gained mutation: Your mind is acute. (Int +2) [potion of mutation]
  7764 | D:12     | Gained mutation: You tend to lose your temper in combat. [potion of mutation]
  7764 | D:12     | Gained mutation: You are robust. (+10% HP) [potion of mutation]
  7772 | D:12     | Killed Sonja
  7944 | D:12     | Got a transparent lead ring
  7951 | D:12     | Identified the cursed ring of Jilluogi {*Contam rElec rC++ AC-3} (You found it on level 12 of the Dungeon)
  7958 | D:12     | Identified the +7 buckler of Dogmatism {Str+5} (You found it on level 11 of the Dungeon)
  8144 | D:12     | Found a staircase to the Orcish Mines.
  8230 | D:12     | Reached skill level 1 in Shields
  8243 | D:12     | Noticed Nessos
  8258 | D:12     | Killed from afar by Nessos

Skill      XL: |  1  2  3  4  5  6  7  8  9 10 11 |
---------------+----------------------------------+-----
Polearms       | 4 5 |  5.0
Fighting       | 4 5 7 8 9 10 | 10.5
Armour         | 3 5 6 8 10 11 | 11.5
Dodging        | 3 4 5 |  5.8
Maces & Flails | 1 3 5 7 9 11 13 14 | 14.3
Stealth        | 1 2 |  2.0
Shields        | 1 |  1.2

Action                   |  1- 3 |  4- 6 |  7- 9 | 10-12 || total
-------------------------+-------+-------+-------+-------++-------
Melee: Mace              |    22 |   179 |   232 |   248 ||   681
       Spear             |     8 |       |       |       ||     8
       Headbutt          |     2 |    29 |    47 |    98 ||   176
       Dire flail        |       |       |       |   182 ||   182
Invok: Berserk           |     2 |     3 |     8 |     5 ||    18
       Trog's Hand       |       |     3 |     2 |     3 ||     8
       Burn Spellbooks   |       |       |       |     1 ||     1
  Use: Potion            |     1 |     1 |       |     9 ||    11
       Scroll            |       |    13 |     5 |     9 ||    27
  Eat: Chunk             |       |    12 |    16 |    12 ||    40
       Bread ration      |       |       |       |     1 ||     1
       Royal jelly       |       |       |       |     1 ||     1
Armor: Animal skin       |    10 |    12 |       |       ||    22
       Leather armour    |       |    19 |       |       ||    19
       Chain mail        |       |     9 |    80 |   239 ||   328
       Plate armour      |       |    37 |    66 |       ||   103
Dodge: Dodged            |    36 |   141 |   107 |   171 ||   455
Block: Buckler           |       |       |       |    71 ||    71
